 Dungeon Crawl Stone Soup version 0.28-a0-664-gc179e30c89 (webtiles) character file.

Game seed: 14337204238401477191

2284 timneilson the Shield-Bearer (level 9, -15/54 HPs)
             Began as a Gargoyle Fighter on Oct 17, 2021.
             Was a Follower of Okawaru.
             Demolished by a death knight (29 damage)
             ... on level 7 of the Dungeon.
             The game lasted 00:12:02 (5055 turns).

timneilson the Shield-Bearer (Gargoyle Fighter)     Turns: 5055, Time: 00:12:04

Health: -15/54     AC: 16    Str: 22    XL:     9   Next: 39%
Magic:  10/10      EV: 10    Int: 10    God:    Okawaru [*.....]
Gold:   1124       SH:  5    Dex:  9    Spells: 8/8 levels left

rFire   . . .      SeeInvis .   a - +1 long sword (spect)
rCold   . . .      Faith    .   c - +0 buckler
rNeg    + . .      Spirit   .   b - +0 scale mail
rPois   ∞          Reflect  .   (no helmet)
rElec   +          Harm     .   (no cloak)
rCorr   .          Rampage  .   h - +0 pair of gloves
Will    .....                   j - +0 pair of boots
Stlth   ..........              e - amulet of regeneration
HPRegen 1.18/turn               (no ring)
MPRegen 0.12/turn               (no ring)

@: no status effects
A: sickness immunity, AC +6, negative energy resistance 1, electricity
resistance, torment resistance 1, petrification resistance
a: Renounce Religion, Heroism


You were on level 7 of the Dungeon.
You worshipped Okawaru.
Okawaru was aware of your devotion.
You visited 2 branches of the dungeon, and saw 8 of its levels.

You collected 1124 gold pieces.

Inventory:

Hand Weapons
 a - a +1 spectral long sword (weapon)
 g - a +1 hand axe of flaming
Armour
 b - a +0 scale mail (worn)
 c - a +0 buckler (worn)
 h - a +0 pair of gloves (worn)
 j - a +0 pair of boots (worn)
Jewellery
 e - an amulet of regeneration (around neck)
 m - a ring of flight
Wands
 d - a wand of iceblast (10)
Scrolls
 f - a scroll of enchant armour
 i - 2 scrolls of teleportation
 q - a scroll of vulnerability {unknown}
 r - 2 scrolls of identify
Potions
 k - a potion of attraction {unknown}
 l - a potion of flight {unknown}
 n - a potion of brilliance {unknown}
 o - a potion of mutation {unknown}
 p - a potion of might
 s - a potion of curing {unknown}


   Skills:
 + Level 5.4 Fighting
 * Level 5.5 Long Blades
 * Level 7.1 Armour
 + Level 3.1 Dodging
 * Level 7.1 Shields
 + Level 1.7 Invocations
 + Level 3.1 Evocations


You had 8 spell levels left.
You didn't know any spells.
Your spell library contained the following spells:

 Spells                   Type           Power      Damage    Failure   Level
 Sandblast                Erth           0%         2d4       65%         1
 Corpse Rot               Necr/Air       N/A        N/A       80%         2
 Passwall                 Tmut/Erth      0%         N/A       80%         2
 Poisonous Vapours        Pois/Air       0%         N/A       80%         2
 Stone Arrow              Conj/Erth      0%         3d7       95%         3


Dungeon Overview and Level Annotations

Branches:
Dungeon (7/15)             Temple (1/1) D:6

Altars:
Dithmenos
Fedhas
Gozag
Hepliaklqana
Kikubaaqudgha
Makhleb
Nemelex Xobeh
Okawaru
Qazlal
Ru
Sif Muna
Trog
Uskayaw
Vehumet
Wu Jian
Xom
Yredelemnul
The Shining One


Innate Abilities, Weirdness & Mutations

You are immune to sickness and miasma.
Your stone body is resilient. (AC +6)
You are immune to poison.
You resist negative energy. (rN+)
You are resistant to electric shocks. (rElec)
You are resistant to unholy torment.
You are immune to petrification.


Message History

Your spectral weapon shares its damage with you!
Unknown command.
You hit the death knight but do no damage.
The death knight is lightly wounded.
Your +1 spectral long sword hits the death knight!
Something hits you!
The death knight mumbles some strange prayers to Yredelemnul against you.
Your body is wracked with pain!
The death knight hits you with a +4 broad axe.
The death knight hits your +1 spectral long sword with a +4 broad axe!!
Your spectral weapon shares its damage with you!
Your +1 spectral long sword fades away.
You slash the death knight!
The death knight is moderately wounded.
Your +1 spectral long sword hits the death knight!
Something hits your +1 spectral long sword.
Your spectral weapon shares its damage with you!
You block the death knight's attack.
The death knight barely misses your +1 spectral long sword.
You slash the death knight!
The death knight is heavily wounded.
Your +1 spectral long sword hits the death knight.
Something barely misses your +1 spectral long sword.
Something completely misses your +1 spectral long sword.
The death knight offers itself to Yredelemnul, and fills with unholy energy.
Unknown command.
You slash the death knight!
The death knight is severely wounded.
Your +1 spectral long sword completely misses the death knight.
The death knight reflects your damage back at you!
* * * LOW HITPOINT WARNING * * *
Something barely misses your +1 spectral long sword.
Something hits your +1 spectral long sword.
Your spectral weapon shares its damage with you!
* * * LOW HITPOINT WARNING * * *
Something closely misses your +1 spectral long sword.
A boulder beetle comes into view.
The death knight hits you with a +4 broad axe!!
Ouch! That really hurt!
You die...

####.+.........+.p# #.. #
#..#.........# ..# #..
###..#.........# ..#).
..#..#.....(...# ...
..#..#.........# #.#
.....#####'#########B#####
..#............#{........#
..#.........##.#(#.#.#.#.#
###.##.##.####.#@p#.#.#..#
#.......# #.#.#.....#.#
####.#### #.'..#...#..+
#.# #.#.#.....#.# #.#
#.#..#.#.#..# #.#
#.#.#.#.#.#.# ..#
#.#...:.....# ###
#S#####+##### #..


You could see a death knight (reflects damage), a boulder beetle and a friendly
+1 spectral long sword (summoned).

Vanquished Creatures
  A shadow (D:7)
  Sigmund (D:5)
  Menkaure (D:5)
  A water moccasin (D:7)
  An acid dragon (D:7)
  A sky beast (D:7)
  3 necrophages
  A black bear (D:4)
  Blork the orc (D:5)
  A phantom (D:4)
  A bullfrog (D:7)
  A gnoll sergeant (D:5)
  3 scorpions (D:5)
  A water moccasin skeleton (D:6)
  A howler monkey (D:7)
  3 bullfrog zombies (D:5)
  2 hounds (D:4)
  2 jellies (D:5)
  An orc priest (D:4)
  4 iguanas
  2 orc wizards
  Ijyb (D:3)
  A killer bee zombie (D:6)
  A hound skeleton (D:4)
  A howler monkey zombie (D:5)
  8 gnolls
  6 adders
  A white imp (D:6)
  3 ufetubi
  An adder skeleton (D:4)
  2 worms
  A dart slug (D:5)
  9 orcs
  7 ball pythons
  6 endoplasms
  4 giant cockroaches
  8 goblins
  5 hobgoblins
  6 kobolds
  3 quokkas
  2 bats
  5 frilled lizards
  7 rats
121 creatures vanquished.

Notes
Turn   | Place    | Note
-------+----------+-------------------------------------------
     0 | D:1      | timneilson the Gargoyle Fighter began the quest for the
                  | Orb.
     0 | D:1      | Reached XP level 1. HP: 14/14 MP: 1/1
   147 | D:1      | Found a faded altar of an unknown god.
   155 | D:1      | Reached XP level 2. HP: 19/19 MP: 2/2
   580 | D:1      | Identified a scroll of acquirement
   611 | D:1      | Acquired 868 gold pieces
   739 | D:2      | Reached XP level 3. HP: 23/23 MP: 3/3
   812 | D:2      | Found a blossoming altar of Fedhas.
  1397 | D:2      | Reached XP level 4. HP: 28/28 MP: 4/4
  1634 | D:3      | Noticed Ijyb
  1650 | D:3      | Killed Ijyb
  1650 | D:3      | HP: 1/28 [frozen (1)]
  1651 | D:3      | Reached skill level 1 in Dodging
  1653 | D:3      | Reached XP level 5. HP: 2/33 MP: 5/5
  2171 | D:3      | Found a shimmering altar of Xom.
  2491 | D:4      | Reached XP level 6. HP: 38/38 MP: 6/6
  2773 | D:4      | Noticed a black bear
  2895 | D:4      | Killed a black bear
  2896 | D:4      | Reached skill level 5 in Armour
  2896 | D:4      | Reached skill level 5 in Shields
  2896 | D:4      | Reached skill level 1 in Evocations
  2896 | D:4      | Reached XP level 7. HP: 43/43 MP: 7/7
  3343 | D:5      | Entered Level 5 of the Dungeon
  3343 | D:5      | Noticed Menkaure
  3355 | D:5      | HP: 3/64 [Menkaure (13)]
  3358 | D:5      | Killed Menkaure
  3359 | D:5      | HP: 1/64 [iguana (5)]
  3393 | D:5      | Found a sacrificial altar of Ru.
  3708 | D:5      | Noticed Sigmund
  3715 | D:5      | Killed Sigmund
  3716 | D:5      | Reached XP level 8. HP: 39/48 MP: 8/8
  3926 | D:5      | Noticed Blork the orc
  3935 | D:5      | Killed Blork the orc
  3981 | D:5      | Reached skill level 5 in Fighting
  4408 | D:6      | Found a staircase to the Ecumenical Temple.
  4419 | Temple   | Entered the Ecumenical Temple
  4591 | Temple   | Became a worshipper of Warmaster Okawaru
  4624 | D:6      | Reached skill level 5 in Long Blades
  4650 | D:6      | Reached XP level 9. HP: 53/54 MP: 9/9
  4872 | D:7      | Reached skill level 1 in Invocations
  5036 | D:7      | Reached * piety under Okawaru
  5041 | D:7      | Noticed a death knight
  5055 | D:7      | Noticed a boulder beetle
  5055 | D:7      | Demolished by a death knight

Illustrated notes

Levels and vault maps discovered:
D:1:      dpeg_arrival_line_fractal, layout_rooms,
          shapermc_ecumenical_altar_mp_highgroup, amcnicky_mini_pool_small
D:2:      layout_loops_corners, basic_altar, serial_forest,
          infiniplex_forest_lined_room_2, infiniplex_forest_straight_3,
          infiniplex_forest_lined_4_way, infiniplex_forest_join
D:3:      layout_rooms, xom_butterflies, uniq_ijyb
D:4:      layout_basic, hangedman_abyss_or_decor_stagger, minmay_liquid_box,
          minmay_tree_intersection
D:5:      layout_basic, nicolae_ru_great_annihilating_truth, grunt_ministairs_3,
          kennysheep_generic_room_15, uniq_menkaure, uniq_blork_the_orc,
          uniq_sigmund
D:6:      layout_cave_pools, minmay_temple_entry_crystal_x
D:7:      minmay_the_grid_plus [minmay_the_grid_odd_star,
          minmay_the_grid_gridbox, minmay_the_grid_minigrid_large,
          minmay_the_grid_empty, minmay_the_grid_prize_four_corners_diamond_a],
          layout_loops_cross, zin_purify, old_standard_altar,
          nicolae_overflow_hidden_temple, minmay_misc_feat_nine_boxes,
          uniq_maggie
Temple:   nicolae_temple_elliptical

Skill      XL: |  1  2  3  4  5  6  7  8  9 |
---------------+----------------------------+-----
Long Blades    | 2 3 4 5 |  5.5
Armour         | 4 5 6 7 |  7.1
Shields        | 4 5 6 7 |  7.1
Dodging        | 1 2 3 |  3.1
Fighting       | 4 5 |  5.4
Evocations     | 1 2 3 |  3.1
Invocations    | 1 |  1.7

Action                   |  1- 3 |  4- 6 |  7- 9 || total
-------------------------+-------+-------+-------++-------
Melee: Long sword        |    96 |   153 |   307 ||   556
  Use: Scroll            |     3 |     1 |     4 ||     8
       Potion            |       |     1 |     1 ||     2
 Stab: Paralysed         |       |       |     1 ||     1
Armor: Scale mail        |    40 |    92 |   184 ||   316
Dodge: Dodged            |    43 |    80 |   183 ||   306
Block: Buckler           |    17 |    39 |    85 ||   141

Table legend: (Time is in decaauts)
 A = Elapsed time spent in this place.
 B = Non-inter-level travel time spent in this place.
 C = Inter-level travel time spent in this place.
 D = Time resting spent in this place.
 E = Time spent auto-exploring this place.
 F = Levels seen in this place.
 G = Mean time per level.
                   A        B        C        D        E       F      G
               +--------+--------+--------+--------+--------+-----+--------+
         Total |   5189 |   5037 |    152 |    400 |   3251 |   8 |  648.6 |
       Dungeon |   5002 |   4887 |    115 |    400 |   3117 |   7 |  714.6 |
        Temple |    186 |    149 |     37 |      0 |    134 |   1 |  186.0 |
               +--------+--------+--------+--------+--------+-----+--------+

Top non-repeatable levels by time:
     D:2: 1352 daAuts
     D:4: 1077 daAuts
     D:5: 803 daAuts
     D:1: 626 daAuts
     D:6: 561 daAuts
     D:3: 391 daAuts
     D:7: 189 daAuts
  Temple: 186 daAuts
